 Dungeon Crawl Stone Soup version 0.32-a0-136-gc02482bde3 (webtiles) character file.

Game seed: 8063033423399297789

84 Asceticacid the Shield-Bearer (level 4, -5/61 HPs)
             Began as a Gnoll Fighter on Feb 10, 2024.
             Slain by Terence
             ... wielding a +1 falchion of distortion
              (8 damage)
             ... on level 3 of the Dungeon.
             The game lasted 00:03:10 (1935 turns).

Asceticacid the Shield-Bearer (Gnoll Fighter)       Turns: 1935, Time: 00:03:10

Health: -5/61      AC: 22    Str: 15    XL:     4   Next: 46%
Magic:  5/5        EV:  2    Int:  7    God:
Gold:   70         SH:  6    Dex: 14    Spells: 5/5 levels left

rFire   . . .        l - +2 dagger (speed)
rCold   . . .        c - +0 buckler
rNeg    . . .        b - melded +0 scale mail
rPois   +            (helmet currently unavailable)
rElec   .            (cloak currently unavailable)
rCorr   .            (gloves currently unavailable)
SInv    .            (boots currently unavailable)
Will    .....        (no amulet)
Stlth   ++           g - ring of poison resistance
HPRegen 0.30/turn    (no ring)
MPRegen 0.09/turn

%: no passive effects
@: tree-form
A: stationary, stasis, torment immunity, boosted hp, (fangs 1), strong nose,
distributed training
a: no special abilities


You were on level 3 of the Dungeon.
You were a tree.
You visited 1 branch of the dungeon, and saw 3 of its levels.

You collected 70 gold pieces.

Inventory:

Hand Weapons
 a - a +0 trident
 l - a +2 dagger of speed (weapon)
Armour
 b - a +0 scale mail (melded)
 c - a +0 buckler (worn)
Jewellery
 g - a ring of poison resistance (left branch)
Talismans
 h - a serpent talisman
Scrolls
 i - 2 scrolls of identify
 n - a scroll of noise {unknown}
 p - a scroll of blinking {unknown}
 q - a scroll of fear {unknown}
Potions
 d - a potion of might
 e - a potion of resistance
 f - a potion of lignification
 j - a potion of heal wounds {unknown}
 k - a potion of mutation {unknown}
 m - a potion of attraction {unknown}
 o - 2 potions of curing {unknown}


   Skills:
 + Level 6.6 Fighting
 + Level 1.2 Short Blades
 + Level 1.2 Long Blades
 + Level 1.2 Axes
 + Level 1.2 Maces & Flails
 + Level 4.6 Polearms
 + Level 1.2 Staves
 + Level 1.2 Ranged Weapons
 + Level 1.2 Throwing
 + Level 6.6 Armour
 + Level 1.2 Dodging
 + Level 1.2 Stealth
 + Level 6.6 Shields
 + Level 1.2 Unarmed Combat
 + Level 1.2 Spellcasting
 + Level 1.0 Conjurations
 + Level 1.0 Hexes
 + Level 1.0 Summonings
 + Level 1.0 Necromancy
 + Level 1.0 Translocations
 + Level 1.0 Fire Magic
 + Level 1.0 Ice Magic
 + Level 1.0 Air Magic
 + Level 1.0 Earth Magic
 + Level 1.0 Alchemy
 + Level 1.3 Invocations
 + Level 1.2 Evocations
 + Level 1.1 Shapeshifting


You had 5 spell levels left.
You didn't know any spells.
Your spell library contained the following spells:

 Spells                   Type           Power      Damage    Failure   Level
 Slow                     Hex            4%         N/A       34%         1
 Confusing Touch          Hex            1%         N/A       71%         3
 Fugue of the Fallen      Necr           1%         N/A       71%         3
 Ozocubu's Armour         Ice            1%         N/A       71%         3
 Sigil of Binding         Hex            1%         N/A       71%         3
 Vampiric Draining        Necr           1%         2d6       71%         3
 Manifold Assault         Tloc           1%         N/A       98%         4


Dungeon Overview and Level Annotations

Branches:
Dungeon (3/15)

Altars:

Shops:
D:2 (

Annotations:
D:3 Terence


Innate Abilities, Weirdness & Mutations

You are a tree.
Your roots penetrate the ground, keeping you stationary.
You cannot be teleported.
You are immune to unholy pain and torment.
Your maximum health is greatly increased.
Your equipment is partially melded.
((You have very sharp teeth.))
Your uncanny sense of smell can sniff out nearby items.
Your experience applies equally to all skills.


Message History

You block Terence's attack.
You hit Terence.
Terence is heavily wounded.
Terence hits you with a +1 falchion of distortion.
Space warps around you.
You barely miss Terence. You bite Terence, but do no damage.
Terence is heavily wounded.
You hit Terence but do no damage.
Terence is heavily wounded.
Terence hits you with a +1 falchion of distortion.
Space warps around you.
* * * LOW HITPOINT WARNING * * *
Okay, then.
Okay, then.
You closely miss Terence.
Terence is heavily wounded.
Terence hits you with a +1 falchion of distortion.
* * * LOW HITPOINT WARNING * * *
It was a potion of lignification.
You turn into a tree.
Your +0 scale mail melds into your body.
Your roots penetrate the ground.
You block Terence's attack.
You hit Terence.
Terence is heavily wounded.
Terence hits you but does no damage.
You hit Terence but do no damage.
Terence is heavily wounded.
You hit Terence.
Terence is heavily wounded.
Terence barely misses you.
You barely miss Terence.
Terence is heavily wounded.
You closely miss Terence.
Terence is heavily wounded.
Terence hits you but does no damage. Space warps horribly around you!
* * * LOW HITPOINT WARNING * * *
You closely miss Terence.
Terence is heavily wounded.
Terence hits you with a +1 falchion of distortion!
You die...
Terence says, "Time to find some more victims."

####### .......
.......
.......########.##
...$...#)@♣.......
.......#.######.##
.......'...$....
.......#@#.##.##
.......#.#.##.####
.......#.#........
.......#...!...~~.
.......#..<...~~~.
########.....~~≈~≈


You could see Terence.

Vanquished Creatures
  2 adders (D:2)
  2 dart slugs
  3 orcs (D:3)
  5 bats
  7 endoplasms
  5 goblins
  9 hobgoblins
  3 jackals (D:1)
  5 kobolds
  A quokka (D:1)
  6 ball pythons
  3 rats (D:2)
51 creatures vanquished.

Notes
Turn   | Place    | Note
-------+----------+-------------------------------------------
     0 | D:1      | Asceticacid the Gnoll Fighter began the quest for the Orb.
     0 | D:1      | Reached XP level 1. HP: 23/23 MP: 1/1
   145 | D:1      | Reached XP level 2. HP: 28/29 MP: 2/2
   636 | D:1      | Reached XP level 3. HP: 35/35 MP: 3/3
   920 | D:2      | Found a faded altar of an unknown god.
  1058 | D:2      | Reached skill level 1 in Invocations
  1136 | D:2      | Found Semna's Weapon Emporium.
  1258 | D:2      | Reached skill level 1 in Short Blades
  1258 | D:2      | Reached skill level 1 in Long Blades
  1258 | D:2      | Reached skill level 1 in Axes
  1258 | D:2      | Reached skill level 1 in Maces & Flails
  1258 | D:2      | Reached skill level 1 in Staves
  1258 | D:2      | Reached skill level 1 in Ranged Weapons
  1258 | D:2      | Reached skill level 1 in Throwing
  1258 | D:2      | Reached skill level 1 in Dodging
  1258 | D:2      | Reached skill level 1 in Stealth
  1258 | D:2      | Reached skill level 1 in Unarmed Combat
  1258 | D:2      | Reached skill level 1 in Spellcasting
  1258 | D:2      | Reached skill level 1 in Evocations
  1363 | D:2      | Reached skill level 1 in Shapeshifting
  1363 | D:2      | Reached XP level 4. HP: 41/41 MP: 5/5
  1870 | D:3      | Noticed Terence
  1894 | D:3      | Reached skill level 1 in Conjurations
  1894 | D:3      | Reached skill level 1 in Hexes
  1894 | D:3      | Reached skill level 1 in Summonings
  1894 | D:3      | Reached skill level 1 in Necromancy
  1894 | D:3      | Reached skill level 1 in Translocations
  1894 | D:3      | Reached skill level 1 in Fire Magic
  1894 | D:3      | Reached skill level 1 in Ice Magic
  1894 | D:3      | Reached skill level 1 in Air Magic
  1894 | D:3      | Reached skill level 1 in Earth Magic
  1894 | D:3      | Reached skill level 1 in Alchemy
  1934 | D:3      | HP: 2/61 [Terence/+1 falchion of distortion (14)]
  1935 | D:3      | Slain by Terence

Illustrated notes

Levels and vault maps discovered:
D:1:      minmay_arrival_hallway, layout_loops_cross
D:2:      minmay_thinvault, layout_basic, serial_shops,
          nicolae_shop_back_alley_shop, basic_ecumenical_altar, serial_curves,
          eino_curves_01, eino_curves_02, grunt_ministairs_9
D:3:      layout_basic, portal_sewer_entry_e, guppyfry_early_lair_pool,
          uniq_terence

Skill      XL: |  1  2  3  4 |
---------------+-------------+-----
Invocations    | 1 |  1.3
Short Blades   | 1 |  1.2
Long Blades    | 1 |  1.2
Axes           | 1 |  1.2
Maces & Flails | 1 |  1.2
Staves         | 1 |  1.2
Ranged Weapons | 1 |  1.2
Throwing       | 1 |  1.2
Dodging        | 1 |  1.2
Stealth        | 1 |  1.2
Unarmed Combat | 1 |  1.2
Spellcasting   | 1 |  1.2
Evocations     | 1 |  1.2
Shapeshifting  | 1 |  1.1
Conjurations   | 1 |  1.0
Hexes          | 1 |  1.0
Summonings     | 1 |  1.0
Necromancy     | 1 |  1.0
Translocations | 1 |  1.0
Fire Magic     | 1 |  1.0
Ice Magic      | 1 |  1.0
Air Magic      | 1 |  1.0
Earth Magic    | 1 |  1.0
Alchemy        | 1 |  1.0
Fighting       | |  6.6
Polearms       | |  4.6
Armour         | |  6.6
Shields        | |  6.6

Action                     |  1- 3 |  4- 6 || total
---------------------------+-------+-------++-------
  Melee: Trident           |    92 |       ||    92
         Bite              |     8 |    13 ||    21
         Dagger            |    41 |    89 ||   130
Ability: Begin Untransform |     1 |       ||     1
    Use: Scroll            |       |     1 ||     1
         Potion            |       |     1 ||     1
 Armour: Scale mail        |    67 |    27 ||    94
         Skin              |       |     3 ||     3
  Dodge: Dodged            |    39 |    17 ||    56
  Block: Buckler           |    31 |    12 ||    43
   Form: Serpent           |     1 |       ||     1

Table legend: (Time is in decaauts)
 A = Elapsed time spent in this place.
 B = Non-inter-level travel time spent in this place.
 C = Inter-level travel time spent in this place.
 D = Time resting spent in this place.
 E = Time spent auto-exploring this place.
 F = Levels seen in this place.
 G = Mean time per level.
                   A        B        C        D        E       F      G
               +--------+--------+--------+--------+--------+-----+--------+
         Total |   1900 |   1837 |     63 |    103 |   1296 |   3 |  633.3 |
       Dungeon |   1900 |   1837 |     63 |    103 |   1296 |   3 |  633.3 |
               +--------+--------+--------+--------+--------+-----+--------+

Top non-repeatable levels by time:
     D:2: 1043 daAuts
     D:1: 789 daAuts
     D:3: 67 daAuts
